AoeStats
← Navix de los Bosques de Lituania

Highland

506314425Analyzed
3v3 RM · 18d ago on Sep 13, 2026· 26m 11s· 6 players
Game mode
Random Map
Map size
Normal (6 player)
Population
200
Speed
Normal
Resources
Standard
Victory
Conquest
Starting age
Dark Age
Ending age
Imperial Age
RankedLock teamsTeams togetherTeam positionsShared explorationLock speedFull tech treeHidden civsTurbo modeCheats
Victory
Defeat
🇨🇴 Persians · Colombia
725
+14
696
+16
🇦🇺 Bohemians · Australia
686
+16
🇨🇳 Teutons · China
747
-18
🇨🇳 Khmer · China
714
-16
🇨🇳 Chinese · China
610
-12
Tirite
11:38 Feudal Age
13:51 Horse Collar
13:56 Double-Bit Axe
20:17 Castle Age
19:03 Fletching
21:30 Crossbowman
22:43 Bodkin Arrow
22:50 Padded Archer Armor
23:40 Bow Saw
24:38 Stone Mining
zar
11:16 Feudal Age
11:40 Horse Collar
11:48 Double-Bit Axe
20:08 Castle Age
23:45 Heavy Plow
23:58 Bow Saw
23:48 Gold Mining
23:50 Stone Mining
长庚
1:13 Loom
14:51 Feudal Age
Navix de los Bosques de Lituania
5:32 Loom
11:37 Feudal Age
12:51 Man-at-Arms
13:16 Arson
13:38 Long Swordsman
14:04 Arson
15:34 Scale Mail Armor
15:45 Forging
15:39 Double-Bit Axe
17:41 Horse Collar
21:38 Fletching
21:48 Padded Archer Armor
Derzer
6:45 Loom
9:07 Feudal Age
13:44 Man-at-Arms
15:00 Arson
16:57 Scale Mail Armor
18:26 Double-Bit Axe
20:51 Wheelbarrow
20:01 Town Watch
21:25 Horse Collar
24:12 Forging
24:42 Gold Mining
28:41 Castle Age
THENEYK
11:36 Feudal Age
17:48 Castle Age
24:56 Wagenburg Tactics
Connection lost

Rejoining the realm…

Still unreachable

The connection could not be restored.

Session expired

The server has moved on; the page needs a fresh start.